[Event "*** Titled Tuesday Blitz"]
[Site "Chess.com"]
[Date "2020.03.03"]
[Round "9"]
[White "NguyenHlb"]
[Black "SubrotaBiswas"]
[Result "0-1"]
[WhiteElo "2288"]
[BlackElo "2474"]
[TimeControl "180+1"]
[EndTime "10:44:17 PST"]
[Termination "SubrotaBiswas won on time"]

1. d4 Nf6 2. c4 e6 3. Nc3 d5 4.
cxd5 exd5 5. Bg5 c6 6. e3 Bf5 7. Qb3 Qb6 8. Qxb6 axb6 9. Bxf6 gxf6 10. Kd2 b5 11. Bd3 Bg6 12. Nge2 Nd7 13. f3 b4 14. Nd1 c5 15. dxc5 Bxd3 16. Kxd3 Nxc5+ 17. Kc2 Kd7 18. Nd4 Bh6 19. Nf5 Rhc8 20. Kd2 Bf8 21. Nf2 b3 22. a3 Na4 23. Nd4 Nxb2 24. Nxb3 Nc4+ 25. Kd3 Bxa3 26. Rhd1 Nb2+ 27. Ke2 Nxd1 28. Rxd1 Kd6 29. Ne4+ Ke6 30. Nd4+ Ke7 31. Nf5+ Ke6 32. Nd4+ Ke5 33. Ng3 Bc5 34. f4+ Kd6 35. Ngf5+ Kd7 36. Nb3 Ke6 37. Ng7+ Kd6 38. Nf5+ Ke6 39. Ng7+ Ke7 40.
Rxd5 Ra2+ 41. Kf3 Bxe3 42. Nf5+ Ke6 43. Nxe3 Rc3 44. Rb5 Ra3 45. f5+ Kd7 46. Rxb7+ Ke8 47. Rb8+ Ke7 48. Rb7+ Kf8 49. Rb8+ Kg7 50. Kf4 Raxb3 51.
Re8 Rb4+ 52. Kf3 Rc5 53. g4 Rc3 54. Kf2 Rb2+ 55. Kf3 Rxh2 56. Kf4 Re2 0-1

[Event "*** Titled Tuesday Blitz"]
[Site "Chess.com"]
[Date "2020.03.03"]
[Round "9"]
[White "Mikhail_Golubev"]
[Black "Eloist"]
[Result "0-1"]
[WhiteElo "2516"]
[BlackElo "2289"]
[TimeControl "180+1"]
[EndTime "10:44:18 PST"]
[Termination "Eloist won on time"]

1. e4 e6 2. d4 d5 3. Nc3 Nf6 4.
Bg5 dxe4 5. Nxe4 Be7 6. Bxf6 gxf6 7. Qd3 f5 8. Nc3 a6 9. O-O-O b5 10. d5 b4 11.
Nce2 Qxd5 12. Qxd5 exd5 13. Nf3 Be6 14. Nf4 c6 15. Bd3 Bd6 16. Nxe6 fxe6 17. Rhe1 Kd7 18. Nd4 e5 19. Bxf5+ Kc7 20. Ne6+ Kb6 21. Ng5 Rf8 22. Bxh7 Rxf2 23. Ne4 Rf7 24. Bg8 Rg7 25. Bxd5 cxd5 26. Nxd6 Kc6 27. Nf5 Rxg2 28. Rxe5 Nd7 29. Rexd5 Nb6 30.
Rd6+ Kc7 31. R6d2 Rxd2 32. Rxd2 Rf8 33. Ne3 Kc6 34. c3 Rf3 35. Nc2 bxc3 36. Nd4+ Kd5 37. Nxf3+ cxd2+ 38. Kxd2 Nc4+ 39. Kc3 Ne3 40. b4 Ke4 41.
Nd2+ Kd5 42. a4 Ng4 43. h4 Nf6 44. Nc4 Nh5 45. Nb6+ Kc6 46. a5 Kb5 47. Nc4 Nf4 48.
Ne5 Nd5+ 49. Kd2 Kxb4 50. h5 Nf6 51. h6 Kxa5 52. Kd3 Kb4 53. Kd4 a5 54. Nc6+ Kb5 0-1

[Event "*** Titled Tuesday Blitz"]
[Site "Chess.com"]
[Date "2020.03.03"]
[Round "9"]
[White "silverback96"]
[Black "yoolund"]
[Result "1-0"]
[WhiteElo "2011"]
[BlackElo "2577"]
[TimeControl "180+1"]
[EndTime "10:44:21 PST"]
[Termination "silverback96 won by resignation"]

1. g3 g6 2. Bg2 Bg7 3. d4 d6 4.
Nf3 Nf6 5. O-O O-O 6. Re1 Nc6 7. e4 e5 8. Nc3 Bg4 9. d5 Nd4 10. h3 Nxf3+ 11. Bxf3 Bxh3 12. Bg5 Bd7 13. Qd2 Qc8 14. a4 a6 15. a5 Ng4 16. Kg2 f6 17. Be3 Nxe3+ 18. Qxe3 Bh3+ 19. Kh2 f5 20. exf5 Qxf5 21. Be4 Qh5 22. Rh1 Bh6 23. Qe1 Bg4+ 24. Kg2 Qg5 25. f3 Bf5 26. Ra4 Bg7 27. Bxf5 gxf5 28. Rah4 h6 29. Rh5 Qg6 30. Qd2 e4 31. Ne2 exf3+ 32. Kxf3 Qg4+ 33. Kg2 Rae8 34. Nf4 Re4 35. R1h4 Rxf4 36.
Qxf4 Qxf4 37. Rxf4 Kf7 38. Rfxf5+ Ke7 39. Rxf8 Kxf8 40.
c3 Kf7 41. Kf3 Kg6 42. g4 Be5 43. Ke4 c6 44. dxc6 bxc6 45. Kd3 Bf6 46. Kc4 d5+ 47.
Kc5 Bd8 48. Kxc6 Bxa5 49. Kb7 Bd8 50. Rxd5 1-0

[Event "*** Titled Tuesday Blitz"]
[Site "Chess.com"]
[Date "2020.03.03"]
[Round "9"]
[White "talman67"]
[Black "GodDMuhammad"]
[Result "1-0"]
[WhiteElo "2544"]
[BlackElo "2351"]
[TimeControl "180+1"]
[EndTime "10:44:22 PST"]
[Termination "talman67 won by resignation"]

1. e4 e5 2. Nf3 f5 3. Nxe5 Qf6 4.
d4 d6 5. Nc4 fxe4 6. Nc3 Qg6 7.
f3 exf3 8. Qxf3 Nf6 9. Bd3 Qf7 10. O-O Be7 11. Bg5 Nc6 12. Rae1 Nxd4 13. Qe3 Nc6 14.
Bxf6 gxf6 15. Nb5 Kd8 16. b3 Re8 17. Qh6 a6 18. Nc3 Be6 19. Ne3 Ne5 20. Bf5 c6 21. Bxe6 Qxe6 22. Nf5 Kc7 23. Ng7 Qf7 24. Nxe8+ Rxe8 25.
Ne4 f5 26. Ng3 Bf8 27. Qf4 Qd5 28. Qxf5 h6 29. Ne4 Be7 30. Rd1 Qa5 31. Qe6 Kd8 32.
Nxd6 Bxd6 33. Rxd6+ Kc7 34. Rxc6+ Nxc6 35. Qxe8 Qc5+ 36.
Kh1 Kb6 37. Qe2 Kc7 38. Qf2 Qg5 39. c4 Kb8 40. Qf4+ Qxf4 41. Rxf4 Ne5 42. Rf5 Ng4 43. h3 Ne3 44. Rh5 a5 45. Rxh6 Nc2 46. Rg6 Nb4 47.
Rg5 b6 48. a4 Nd3 49. Rb5 Kc7 50. h4 Kc6 51. g3 Nf2+ 52. Kg2 Ne4 53. h5 Nf6 54. h6 Nh7 55. g4 Nf6 56. g5 Nh7 57. g6 Nf6 58. g7 Kd7 59. Rf5 Ng8 60. Rf8 Nxh6 61. g8=Q Nxg8 62. Rxg8 Kc6 63. Rg5 1-0

[Event "*** Titled Tuesday Blitz"]
[Site "Chess.com"]
[Date "2020.03.03"]
[Round "9"]
[White "ArlanCabe"]
[Black "korbul"]
[Result "0-1"]
[WhiteElo "2344"]
[BlackElo "2539"]
[TimeControl "180+1"]
[EndTime "10:44:23 PST"]
[Termination "korbul won by checkmate"]

1. e4 c5 2. Nf3 e6 3. c4 Nc6 4. d4 cxd4 5. Nxd4 Nf6 6. Nc3 Bb4 7. f3 d5 8. cxd5 exd5 9. Bb5 Qb6 10. Bxc6+ bxc6 11. O-O O-O 12. Kh1 Ba6 13. Re1 dxe4 14. Na4 Qa5 15.
Nxc6 Bxe1 16. Nxa5 Bxa5 17. Bg5 Rad8 18. Qb3 Rd3 19. Qc2 exf3 20. Bxf6 gxf6 21. Nc5 Rd2 22. Qa4 fxg2+ 23. Kg1 Bb6 24. b4 Bc4 25. Rd1 Rb2 26. Qd7 Rxb4 27. Kxg2 Bxc5 28. a3 Rb2+ 29. Rd2 Rxd2+ 30. Qxd2 Be6 31. Qc3 Bb6 32. Qxf6 Rc8 33.
Qg5+ Kf8 34. Qh6+ Ke7 35. Qxh7 Rc3 36. a4 Bd5+ 37. Kf1 Rf3+ 38. Ke2 Re3+ 39. Kd2 Re4 40. Qf5 Rd4+ 41. Kc3 Be6 42. Qg5+ Kd6 43. h4 Rxa4 44. h5 Bd4+ 45. Kd3 Be5 46. Qd8+ Bd7 47. h6 Rd4+ 48. Ke3 Rd1 49. h7 Rh1 50. Qb8+ Ke6 51. Qg8 Rh3+ 52. Kd2 a5 53. Qg4+ Kd6 54. Qg8 a4 55. Qxf7 a3 56. Qf8+ Kd5 57. Qa8+ Ke6 58. Qg8+ Ke7 59. Qg5+ Kd6 60.
Qg6+ Be6 61. Qg8 a2 62. Qb8+ Kd5 63. Qb5+ Ke4 64. Qe2+ Kf5 65. Qf2+ Bf4+ 66. Kc2 a1=Q 67. Qc5+ Qe5 68. Qf8+ Qf6 69. Qc5+ Kg6 70. Qa7 Qc3+ 71.
Kd1 Bg4# 0-1

[Event "*** Titled Tuesday Blitz"]
[Site "Chess.com"]
[Date "2020.03.03"]
[Round "9"]
[White "rogapa"]
[Black "vugarrasulov"]
[Result "0-1"]
[WhiteElo "2757"]
[BlackElo "2897"]
[TimeControl "180+1"]
[EndTime "10:44:24 PST"]
[Termination "vugarrasulov won on time"]

1. e4 c5 2. Nf3 d6 3. d4 cxd4 4.
Nxd4 Nf6 5. Nc3 a6 6. Bg5 Nbd7 7.
Bc4 Qa5 8. Bxf6 Nxf6 9. O-O e6 10. Bb3 Be7 11. f4 O-O 12. f5 Qe5 13. fxe6 Nxe4 14. exf7+ Kh8 15. Nxe4 Qxe4 16. Re1 Qh4 17. g3 Qg5 18.
Nf3 Qf6 19. Qe2 Bd8 20. Qe8 Bb6+ 21. Kg2 Bg4 22. Qe4 h5 23. Rf1 Bf5 24. Qf4 d5 25.
Bxd5 Rad8 26. c4 Qxb2+ 27. Qd2 Qxd2+ 28. Nxd2 Bd3 29. Rf3 Be2 30. Rf5 g6 31. Re5 Bd4 32. Rxe2 Bxa1 33. Re7 b5 34. Ne4 Kg7 35. Kf3 Rxd5 36.
cxd5 Rxf7+ 37. Rxf7+ Kxf7 38. Kf4 Bb2 39. Ng5+ Ke7 40.
Nf3 Kd6 41. Ke4 a5 42. h3 a4 43. Nd2 Bc3 44. Nf3 Kc5 45. g4 hxg4 46. hxg4 b4 47.
Nh4 b3 48. axb3 a3 49. d6 Kxd6 50. Nxg6 a2 0-1

[Event "*** Titled Tuesday Blitz"]
[Site "Chess.com"]
[Date "2020.03.03"]
[Round "9"]
[White "Lubov_Gordyk"]
[Black "Manukyan_Artak"]
[Result "0-1"]
[WhiteElo "2619"]
[BlackElo "2436"]
[TimeControl "180+1"]
[EndTime "10:44:24 PST"]
[Termination "Manukyan_Artak won by resignation"]

1. e4 c6 2. d3 d5 3. Nf3 dxe4 4. dxe4 Qxd1+ 5. Kxd1 Bg4 6. Be2 Nd7 7. Ne1 Bxe2+ 8.
Kxe2 e5 9. Nd3 f6 10. Be3 Ne7 11. Nd2 Nc8 12. a4 Nd6 13. Rhd1 a6 14. f3 O-O-O 15. Nc5 Nxc5 16. Bxc5 Nf5 17. exf5 Bxc5 18. Ne4 Be7 19. a5 Kc7 20. c3 Rd5 21. c4 Rd4 22.
Rxd4 exd4 23. c5 Rd8 24. Rc1 d3+ 25. Kd2 Rd5 26. g4 g6 27. fxg6 hxg6 28. b4 f5 29. Nc3 Bg5+ 30. Kd1 Rd4 31. Rb1 fxg4 32. Ne4 Be3 33.
Nd2 gxf3 34. Nxf3 Rf4 35. Rb3 Rxf3 36. Rxd3 g5 37. Ke2 Rf2+ 38. Kxe3 Rxh2 39. Rd6 Rh4 40. Rg6 Rxb4 41. Rg7+ Kb8 42. Rxg5 Rb5 43. Kd4 Rxa5 44. Rg7 Ka7 45. Rf7 Rb5 46. Re7 Rb1 47. Rh7 a5 48. Ke5 Rd1 49. Ke6 Rd5 50. Rh5 Rxh5 0-1

[Event "*** Titled Tuesday Blitz"]
[Site "Chess.com"]
[Date "2020.03.03"]
[Round "9"]
[White "Vusatiuk_Vladimir"]
[Black "kingofthenil"]
[Result "1/2-1/2"]
[WhiteElo "2352"]
[BlackElo "2561"]
[TimeControl "180+1"]
[EndTime "10:44:24 PST"]
[Termination "Game drawn - insufficient material"]

1. e4 Nc6 2. Nf3 d6 3. d4 Nf6 4. Nc3 g6 5. h3 Bg7 6. Be3 O-O 7. Qd2 a6 8. Bh6 e5 9. Bxg7 Kxg7 10. O-O-O exd4 11. Nxd4 Re8 12. f3 Nxd4 13. Qxd4 b5 14.
g4 Kg8 15. h4 Be6 16. h5 c5 17. Qxd6 Qa5 18. hxg6 fxg6 19. Qe5 Nd7 20. Rxd7 Bxd7 21.
Qxc5 Rac8 22. Qd4 Be6 23. a3 Qc7 24. Bd3 Qf4+ 25. Kb1 Qxf3 26. Rf1 Qxg4 27. a4 bxa4 28. Nd5 Bxd5 29. Qxd5+ Qe6 30. Qa5 Rf8 31. Rh1 Rb8 32. Qxa4 Qe5 33. Qc4+ Kg7 34. b3 Rf7 35. Rxh7+ Kxh7 36. Qxf7+ Kh6 37. Qf2 a5 38. Qh4+ Kg7 39. Qg4 Rf8 40.
Bc4 Rf7 41. Bxf7 Kxf7 42. Qd7+ Kg8 43. Qd8+ Kg7 44. Qd7+ Kf6 45. Qd8+ Kg7 46. Qd3 g5 47. c4 g4 48. c5 Qxc5 49. Qd7+ Kf6 50. Qxg4 Qc3 51.
Qe2 Qxb3+ 52. Qb2+ Qxb2+ 53. Kxb2 Ke5 54. Ka3 Kxe4 55. Ka4 Kd5 56. Kxa5 1/2-1/2

[Event "*** Titled Tuesday Blitz"]
[Site "Chess.com"]
[Date "2020.03.03"]
[Round "9"]
[White "Azeryahu"]
[Black "malandragem"]
[Result "0-1"]
[WhiteElo "2825"]
[BlackElo "2612"]
[TimeControl "180+1"]
[EndTime "10:44:26 PST"]
[Termination "malandragem won on time"]

1. c4 c5 2. g3 g6 3. Bg2 Bg7 4. Nc3 Nc6 5. b3 e5 6. Bb2 Nge7 7. e3 O-O 8. Nge2 d6 9. O-O Be6 10. Nd5 Qd7 11. d3 Rab8 12. Nec3 a6 13. Qd2 b5 14. Rad1 f5 15. f4 h6 16. h3 Bf7 17. Kh2 Kh7 18. Bf3 Nxd5 19. Nxd5 b4 20. Rde1 Rbe8 21. Qg2 Ne7 22. fxe5 Nxd5 23. e6 Bxe6 24. cxd5 Bg8 25. d4 cxd4 26. exd4 f4 27. Be4 fxg3+ 28. Kxg3 Rxf1 29.
Qxf1 Rf8 30. Qxa6 Qf7 31. Qe2 Qf4+ 32. Kg2 Bxd5 33. Bxd5 Qg5+ 34. Kh2 Qxd5 35. Rg1 Rf4 36. Rg2 Re4 37. Qf3 Bxd4 38. Bxd4 Rxd4 39. Qg3 Qe5 40. Rc2 Qxg3+ 41. Kxg3 Kg7 42. Kf3 Kf6 43. Ke3 Ke5 44. Rg2 g5 45. Rf2 Rf4 46. Rd2 d5 47. Rh2 d4+ 48. Kd3 Rf3+ 49. Kc4 d3 50. Kxb4 Kd4 51. a4 Re3 52. Rd2 Re2 53. Rd1 d2 54. a5 Kd3 55. a6 Re1 56. Rxd2+ Kxd2 57. Kc5 h5 58. b4 g4 59. hxg4 hxg4 60. b5 g3 61. a7 Ra1 62. b6 g2 63. b7 g1=Q+ 0-1

[Event "*** Titled Tuesday Blitz"]
[Site "Chess.com"]
[Date "2020.03.03"]
[Round "9"]
[White "Jospem"]
[Black "mrkvoz"]
[Result "1-0"]
[WhiteElo "2924"]
[BlackElo "2767"]
[TimeControl "180+1"]
[EndTime "10:44:27 PST"]
[Termination "Jospem won on time"]

1. c4 d6 2. d4 e5 3. Nf3 e4 4. Nfd2 f5 5. e3 Nf6 6. Nc3 g6 7. f3 exf3 8. Qxf3 Bg7 9. Bd3 c5 10. O-O Nc6 11. Nb3 O-O 12. Bd2 Be6 13. Rae1 Nb4 14. Be2 b6 15. a3 Na6 16. Bd3 Kh8 17.
h3 Nc7 18. Kh1 Qd7 19. d5 Bg8 20. Ne2 Ne4 21. Bxe4 fxe4 22. Qxe4 Bxb2 23. Nc3 Bxa3 24. Qc2 Bb4 25. Bc1 h6 26. Bb2 Kh7 27. Nd2 Qe7 28. Nde4 Rxf1+ 29. Rxf1 Rf8 30. Ra1 a5 31. Ne2 Ne8 32.
Nf4 Rf5 33. Ng3 Rg5 34. Ne4 Rf5 35. g4 Rf8 36. Rf1 a4 37. Ng3 Bf7 38. Qd3 a3 39.
Ba1 Nf6 40. Kg2 Nd7 41. Ngh5 Re8 42. Rf3 Qe4 43. Ne6 Rxe6 44. dxe6 Qxd3 45. exd7 Qc2+ 46. Kg1 Qd1+ 47. Rf1 Qd2 48. Nf6+ Kg7 49. Ne4+ Qb2 50. d8=Q Bc3 51. Bxb2 Bxb2 52. Qe7 Bf6 53. Qxf6+ 1-0

[Event "*** Titled Tuesday Blitz"]
[Site "Chess.com"]
[Date "2020.03.03"]
[Round "9"]
[White "Andrei_Belozerov"]
[Black "MergenKakabaev"]
[Result "1-0"]
[WhiteElo "2670"]
[BlackElo "2497"]
[TimeControl "180+1"]
[EndTime "10:44:35 PST"]
[Termination "Andrei_Belozerov won by resignation"]

1. e4 e5 2. Nf3 Nc6 3. Bb5 a6 4. Ba4 Nf6 5. O-O Be7 6. Re1 b5 7. Bb3 O-O 8. c3 d5 9. exd5 Nxd5 10. Nxe5 Nxe5 11. Rxe5 c6 12. d3 Bd6 13. Re1 Bf5 14.
Qf3 Qh4 15. g3 Qh3 16. Nd2 Rae8 17. Ne4 Bg4 18. Qg2 f5 19. Qxh3 Bxh3 20. Bd2 fxe4 21.
dxe4 Bc5 22. Be3 Rxe4 23. Bxc5 Rfe8 24. Rxe4 Rxe4 25. Be3 Kh8 26. Rd1 Be6 27. Bd4 h6 28. f3 Re2 29. c4 Ne7 30. cxb5 Bxb3 31. bxa6 Bxd1 32. a7 Nf5 33. a8=Q+ Kh7 34. Bf2 Rxb2 35. Qc8 Bc2 36. g4 Ne7 37. Qc7 Ng6 38. Qxc6 Rxa2 39.
h4 Ba4 40. Qc7 Rc2 41. Qa7 Bc6 42. Bd4 Rc1+ 43. Kf2 Rc2+ 44. Kg3 1-0

[Event "*** Titled Tuesday Blitz"]
[Site "Chess.com"]
[Date "2020.03.03"]
[Round "9"]
[White "Region_07"]
[Black "arjwezhrtdrz"]
[Result "1-0"]
[WhiteElo "2400"]
[BlackElo "2123"]
[TimeControl "180+1"]
[EndTime "10:44:37 PST"]
[Termination "Region_07 won by resignation"]

1. d4 d6 2. Nf3 c6 3. c4 Nf6 4. Nc3 Bg4 5. e3 Nbd7 6. Be2 e5 7. b3 Be7 8. Bb2 O-O 9. O-O Re8 10. Qd2 Qc7 11.
h3 Bxf3 12. Bxf3 a5 13. Rfd1 Rad8 14. Rac1 Nf8 15. Qc2 Ng6 16. Ne4 Nxe4 17. Bxe4 Bf6 18. Bc3 exd4 19. Bxd4 Bxd4 20. Rxd4 Rd7 21. Rcd1 Red8 22.
Qd2 Ne7 23. Qe2 g6 24. h4 f5 25. Bf3 d5 26. Qd2 c5 27. Bxd5+ Nxd5 28. Rxd5 Rxd5 29. cxd5 Qe5 30. d6 b6 31. Qd3 Kf7 32. h5 Rd7 33.
h6 g5 34. Qc4+ Qe6 35. Qc3 Qf6 36. Qd3 Kg6 37. Qd5 Kxh6 38. g3 Kg6 39. Qg8+ Qg7 40. Qe8+ Qf7 41. Qe5 Qf6 42. Qe8+ Qf7 43. Qe5 h5 44.
Kg2 h4 45. gxh4 gxh4 46. Kh3 f4 47. Rg1+ Kh7 48. e4 f3 49. Rg4 Rxd6 50. Qxd6 Qf6 51.
Rxh4+ Qxh4+ 52. Kxh4 Kg7 53. Qe5+ Kf7 54. Qf5+ Ke7 55. e5 Kd8 56. Qf6+ Kc7 57. e6 1-0

[Event "*** Titled Tuesday Blitz"]
[Site "Chess.com"]
[Date "2020.03.03"]
[Round "9"]
[White "GianmarcoVaR"]
[Black "afgano29"]
[Result "1-0"]
[WhiteElo "2565"]
[BlackElo "2691"]
[TimeControl "180+1"]
[EndTime "10:44:47 PST"]
[Termination "GianmarcoVaR won by resignation"]

1. d4 Nf6 2. c4 g6 3. Nf3 Bg7 4. g3 O-O 5. Bg2 d5 6. O-O dxc4 7. Nbd2 Nc6 8. Nxc4 Be6 9. b3 a5 10. Bb2 a4 11. e3 Bd5 12. Qe2 Ra6 13. Rfd1 Qa8 14. Bf1 b5 15. Ncd2 Na7 16. Ba3 Re8 17. Bc5 Nd7 18. b4 e5 19. dxe5 Nxe5 20. Nxe5 Bxe5 21. Rac1 Bxa2 22. Nf3 Bb3 23. Rd7 Bf6 24. Rxc7 a3 25. Nd4 Bc4 26. Qc2 Bxf1 27. Rxf1 a2 28. Ra1 Qb8 29. Rxa7 Rxa7 30. Bxa7 Qxa7 31. Rxa2 Qd7 32.
Qc6 Qe7 33. Ra8 Rxa8 34. Qxa8+ Kg7 35. Nxb5 Qxb4 36. Qd5 Qb1+ 37. Kg2 Qb2 38. Nd6 Kh6 39. Nxf7+ Kg7 40. Nd6 Qe5 41. Qxe5 Bxe5 42. Nc4 Bb8 43. e4 Kf6 44. f4 Ke6 45. Kf3 Ba7 46. g4 Bg1 47. h4 Kd7 48. f5 Ke7 49. e5 Bh2 50. Ke4 Bg3 51. h5 Kf7 52. Nd6+ Kg7 53. f6+ Kf8 54. Kd5 Bf4 55. e6 gxh5 56. e7+ 1-0

[Event "*** Titled Tuesday Blitz"]
[Site "Chess.com"]
[Date "2020.03.03"]
[Round "9"]
[White "obliviate12"]
[Black "MartinCerveny"]
[Result "1-0"]
[WhiteElo "2845"]
[BlackElo "2622"]
[TimeControl "180+1"]
[EndTime "10:44:52 PST"]
[Termination "obliviate12 won by resignation"]

1. e4 c5 2. Nf3 d6 3. d4 cxd4 4.
Nxd4 Nf6 5. Nc3 a6 6. Be2 e5 7.
Nb3 Be7 8. Be3 Be6 9. f4 exf4 10. Bxf4 O-O 11. Qd2 Qc7 12. O-O-O Rd8 13. g4 Nc6 14. g5 Ne8 15. Kb1 Ne5 16. h4 Rac8 17. Nd5 Bxd5 18. exd5 b5 19. Nd4 Bf8 20. h5 Qc5 21. Nf5 g6 22.
Ng3 Bg7 23. Ne4 Qb6 24. Rdf1 a5 25. hxg6 hxg6 26. Bd3 a4 27. Qh2 a3 28. Nf6+ Kf8 29.
Bxe5 dxe5 30. Qxe5 Rd6 31. Bxg6 Nxf6 32. gxf6 Rxf6 33. Rxf6 Qxf6 34. Qxf6 Bxf6 35. Bf5 Rd8 36. Rd1 Bxb2 37. d6 Be5 38. d7 Ke7 39. Rd5 Bd6 40.
Rxb5 Rb8 41. c4 Kd8 42. Kc2 Rxb5 43. cxb5 Kc7 44. Kb3 Be7 45. Kc4 Kb6 46. Bd3 Bd8 47. Kd5 Kc7 48. Bf5 Kb6 49. Kc4 Bc7 50. Bh3 Bd8 51. Bg2 Bc7 52. Bc6 Bd8 53. Kd5 f6 54. Ke6 Kc7 55. Kf5 Kb6 56. Ke6 Kc7 57. Kd5 Kb6 58. Kd6 f5 59. Ke5 f4 60. Kxf4 Kc5 61. Ke5 Bh4 62. Ke6 Bd8 63. Kf7 Kd6 64.
Ke8 Kc7 65. b6+ 1-0

[Event "*** Titled Tuesday Blitz"]
[Site "Chess.com"]
[Date "2020.03.03"]
[Round "9"]
[White "rasmussvane"]
[Black "Micki-taryan"]
[Result "1-0"]
[WhiteElo "2898"]
[BlackElo "2999"]
[TimeControl "180+1"]
[EndTime "10:44:53 PST"]
[Termination "rasmussvane won by checkmate"]

1. Nf3 Nf6 2. g3 d5 3. Bg2 c6 4. O-O Bf5 5. c4 e6 6. Qb3 Qb6 7. d3 Nbd7 8. cxd5 Qxb3 9. axb3 exd5 10. Bd2 Be7 11. b4 O-O 12. Bc3 a6 13. Nbd2 Ne8 14. Nd4 Be6 15. b5 cxb5 16. Nxb5 Rc8 17. Nd4 Nc7 18.
Rfc1 Bd6 19. N2b3 Nf6 20. Na5 Rb8 21. Bb4 Bxb4 22. Rxc7 Rfc8 23. Rxb7 Rxb7 24. Nxb7 Rc7 25. Na5 Bd7 26. Bf3 g5 27. e3 h5 28. Kg2 h4 29.
gxh4 gxh4 30. h3 Nh7 31. Bg4 Be8 32. Nab3 Ra7 33. Rc1 a5 34. Rc8 Nf6 35. Nc6 Rb7 36. Nbxa5 Rb6 37. Nxb4 Rxb4 38. Bd7 Nxd7 39. Rxe8+ Kg7 40.
b3 Rb5 41. Ra8 Nc5 42. d4 Ne4 43. Kf3 Rb6 44. Ke2 Rg6 45. Rd8 Rg2 46. Rxd5 Rxf2+ 47. Kd3 f5 48. Nc4 Kf6 49. Rd8 Rh2 50. b4 Rxh3 51. b5 Rh1 52. b6 Rb1 53. Rh8 h3 54.
Kc2 Rb4 55. Ne5 Ng5 56. Rh6+ Kg7 57. Rg6+ Kh7 58. Rxg5 Rxb6 59. Rh5+ Rh6 60. Rxh6+ Kxh6 61. Nf3 Kh5 62. Kd3 Kg4 63. Ke2 h2 64. Nxh2+ Kg3 65.
Nf3 f4 66. e4 Kg2 67. d5 Kg3 68. d6 Kg2 69. d7 Kg3 70. d8=Q Kg2 71. Qg5+ Kh3 72. Qxf4 Kg2 73. Qh2# 1-0

[Event "*** Titled Tuesday Blitz"]
[Site "Chess.com"]
[Date "2020.03.03"]
[Round "9"]
[White "JakeCarlosBanawa"]
[Black "mitraasz"]
[Result "1-0"]
[WhiteElo "2413"]
[BlackElo "2143"]
[TimeControl "180+1"]
[EndTime "10:44:58 PST"]
[Termination "JakeCarlosBanawa won by checkmate"]

1. d4 Nf6 2. c4 g6 3. Nc3 Bg7 4. e4 d6 5. Nf3 O-O 6. Be2 Nbd7 7. O-O e5 8. Be3 Re8 9. d5 Nc5 10. Nd2 a5 11. a3 a4 12. Bxc5 dxc5 13. Nxa4 b6 14.
b4 Bd7 15. Nc3 cxb4 16. axb4 Qe7 17. Qb3 Bf8 18. Rab1 Ra7 19. Nb5 Bxb5 20. cxb5 Rea8 21. Rfc1 Ra4 22. Rc6 Rxb4 23. Qc2 Rxb1+ 24. Nxb1 Ne8 25.
g3 Qb4 26. Nd2 Ra1+ 27. Kg2 Bc5 28. Nb3 Bd6 29. Nd2 Nf6 30. Nc4 Bc5 31. Rxf6 Qe1 32. Ne3 Rc1 33. Qb2 Bd4 34. Qa2 Ra1 35. Qc2 Rc1 36.
Qd3 Rc3 37. Qd1 Rc1 38. Qxe1 Rxe1 39. Kf3 Bc5 40. Rc6 Bd6 41. Nc4 Rb1 42. Nxd6 cxd6 43.
Rxb6 Rb3+ 44. Kg2 Rb2 45. Bf1 Kg7 46. Rxd6 Rb4 47. f3 Kf8 48. Rd7 Rb2+ 49. Kg1 Ke8 50. Rc7 Rb1 51. d6 h5 52. d7+ Kd8 53. Rb7 f5 54. exf5 gxf5 55. Kf2 Rb2+ 56. Ke3 Rb3+ 57.
Kd2 Rb2+ 58. Kc3 Rb1 59. Bd3 Rc1+ 60. Kd2 Ra1 61. Bxf5 Ra2+ 62. Kc3 Rxh2 63. Rb8+ Ke7 64. d8=Q+ Kf7 65. Qf8# 1-0

[Event "*** Titled Tuesday Blitz"]
[Site "Chess.com"]
[Date "2020.03.03"]
[Round "9"]
[White "lestri"]
[Black "Ali_rastbod"]
[Result "1-0"]
[WhiteElo "2535"]
[BlackElo "2646"]
[TimeControl "180+1"]
[EndTime "10:45:02 PST"]
[Termination "lestri won on time"]

1. c4 e5 2. Nc3 Nc6 3. Nf3 g6 4. d4 exd4 5. Nxd4 Bg7 6. Nxc6 bxc6 7. g3 Ne7 8. Bg2 O-O 9. O-O Rb8 10.
Qa4 d6 11. c5 d5 12. Rd1 f5 13. Qxa7 Rb7 14. Qa5 Be6 15. e3 g5 16. b3 Ng6 17.
Bb2 f4 18. exf4 gxf4 19. Na4 Bxb2 20. Nxb2 Qg5 21. Qd2 h5 22. Nd3 h4 23. Re1 Bd7 24.
Re2 Qf6 25. Ree1 fxg3 26. hxg3 hxg3 27. fxg3 Qd4+ 28. Qe3 Qg4 29. Ne5 Nxe5 30. Qxe5 Rbb8 31. Rf1 Rbe8 32. Rxf8+ Rxf8 33. Rf1 Re8 34. Qf4 Qg7 35. b4 Bc8 36. b5 Bd7 37. b6 cxb6 38. cxb6 Bc8 39. Qf6 Qxf6 40. Rxf6 Bb7 41. Rd6 Kf7 42. a4 Ke7 43. Rh6 Ba6 44. Rh7+ Kd6 45. Ra7 Bc4 46. a5 Rb8 47. b7 Kc7 48. a6 Bxa6 49. Rxa6 Rxb7 50.
Ra2 Rb3 51. Kf2 Kd6 52. Rd2 Ke5 53. Re2+ Kd6 54. Rd2 Rc3 55. g4 Ke5 56. Bf1 Kf4 57. Be2 Ra3 58. Rd4+ Ke5 59. Rd1 c5 60. g5 Ra7 61.
Bd3 c4 62. Bc2 Ra2 63. Rd2 d4 64. Re2+ Kf4 65. g6 d3 66. Bxd3 Ra7 67. Bxc4 Rg7 68.
Bf7 Rxg6 69. Bxg6 1-0

[Event "*** Titled Tuesday Blitz"]
[Site "Chess.com"]
[Date "2020.03.03"]
[Round "9"]
[White "Sibelephant"]
[Black "Tjktiger"]
[Result "1/2-1/2"]
[WhiteElo "3038"]
[BlackElo "2808"]
[TimeControl "180+1"]
[EndTime "10:45:10 PST"]
[Termination "Game drawn - insufficient material"]

1. c4 g6 2. g3 c5 3. Bg2 Bg7 4. Nc3 Nc6 5. Nf3 d6 6. O-O Rb8 7. e3 Nh6 8. d4 cxd4 9. exd4 Bg4 10. d5 Ne5 11. Qa4+ b5 12. Nxb5 Nxf3+ 13. Bxf3 Bxf3 14.
Nd4+ Qd7 15. Qxd7+ Kxd7 16. Nxf3 Nf5 17. Rb1 Rhc8 18. g4 Nd4 19. Nxd4 Bxd4 20. b3 Rxc4 21. Be3 Rcb4 22. a3 Bxe3 23. axb4 Bd4 24. Rfc1 Rb5 25.
Rc4 Rxd5 26. Kg2 Bb6 27. Rb2 g5 28. Rbc2 Rd3 29. R4c3 Rd4 30. Rc4 Rd3 31. R2c3 Rd2 32. Rf3 f6 33. h3 d5 34. Rcc3 d4 35. Rfd3 Rb2 36. Kf3 Kd6 37. Rc8 e5 38. Re8 Kd5 39. Re7 Rc2 40. Rd7+ Ke6 41. Rxh7 Kd5 42. Rd7+ Ke6 43.
Rh7 Kd5 44. Re7 Bc7 45. b5 Bd6 46. Re8 Rc5 47. Kg2 e4 48. Rd1 Rxb5 49. Ra8 Rb7 50. Rd8 Rb6 51. f3 e3 52. Kf1 Rxb3 53. Rxd6+ Kxd6 54. Rxd4+ Kc6 55. Ra4 Kb6 56. Ke2 a5 57. f4 Kb5 58.
Rd4 Rb4 59. Rd5+ Kc4 60. Rf5 Kd4 61. fxg5 Rb2+ 62. Ke1 Kd3 63. Rd5+ Ke4 64. Rxa5 fxg5 65. Rxg5 Rb1+ 66. Ke2 Rb2+ 67. Ke1 Rg2 68. Rg8 Kf3 69. Rf8+ Ke4 70. Re8+ Kf3 71. Rf8+ Kg3 72. Re8 Kf4 73. Rf8+ Kg3 74. Re8 Kxh3 75. Rxe3+ Kxg4 76. Re2 Rxe2+ 77. Kxe2 1/2-1/2

[Event "*** Titled Tuesday Blitz"]
[Site "Chess.com"]
[Date "2020.03.03"]
[Round "9"]
[White "Willychess95"]
[Black "GM_dmitrij"]
[Result "1-0"]
[WhiteElo "2607"]
[BlackElo "2804"]
[TimeControl "180+1"]
[EndTime "10:45:19 PST"]
[Termination "Willychess95 won by resignation"]

1. e4 e5 2. Nf3 Nc6 3. Bc4 Nf6 4. Ng5 d5 5. exd5 Na5 6. Bb5+ c6 7. dxc6 bxc6 8. Qf3 Be7 9. Bd3 O-O 10. O-O h6 11.
Ne4 Nd5 12. Ng3 Bg5 13. Nc3 Nf4 14. Bf5 Bxf5 15. Nxf5 Qd7 16. Ng3 Ne6 17. d3 Nd4 18. Qd1 f5 19. f4 exf4 20. Bxf4 c5 21. Bxg5 hxg5 22. Qd2 f4 23. Nge4 Rf5 24. Rae1 Nac6 25. Ne2 Raf8 26. Nxd4 Nxd4 27. c3 Nc6 28. Qe2 Rd5 29.
Qh5 g4 30. Qg6 Ne5 31. Qa6 Nxd3 32. Rd1 Kh7 33. Rxd3 Rxd3 34. Nxc5 Rd6 35. Nxd7 Rxa6 36. Nxf8+ Kg8 37. Rxf4 Rxa2 38. Ne6 Rxb2 39. Ng5 a5 40.
Ra4 Rb5 41. Ne4 Rd5 42. Kf2 Kf7 43. Kg3 Ke6 44. Kxg4 Ke5 45. Kf3 Rb5 46. Ke3 Rd5 47. c4 Rd1 48. Rxa5+ Ke6 49. Nd2 Re1+ 50. Kd4 Rh1 51. Nf3 Rd1+ 52. Kc5 Rc1 53. Ra6+ Kf5 54. Ra2 Kf4 55. Rd2 Ke3 56. h3 Kf4 57. Kd5 Ra1 58.
c5 Ra5 59. Kd6 Ra8 60. Kd7 Ra7+ 61. Ke6 Ra8 62. c6 g5 63. c7 g4 64. hxg4 Kxg4 65.
Kd7 Ra7 66. Kd8 Ra2 67. c8=Q+ Kg3 68. Rxa2 1-0